 Dungeon Crawl Stone Soup version 0.29-a0-370-gb5314be063 (webtiles) character file.

Game seed: 17056931224928105849

81 Colgate the Cutter (level 4, -1/26 HPs)
             Began as a Kobold Brigand on May 2, 2022.
             Was an Initiate of Hepliaklqana.
             Slain by an orc wizard
             ... wielding a +0 dagger
              (4 damage)
             ... on level 3 of the Dungeon.
             The game lasted 00:03:42 (2123 turns).

Colgate the Cutter (Kobold Brigand)                 Turns: 2123, Time: 00:03:43

Health: -1/26      AC:  4    Str:  8    XL:     4   Next: 67%
Magic:  4/4        EV: 14    Int: 14    God:    Hepliaklqana [......]
Gold:   125        SH:  0    Dex: 16    Spells: 3/3 levels left

rFire   . . .      SeeInvis .   a - +2 dagger
rCold   . . .      Faith    .   (no shield)
rNeg    . . .      Spirit   .   b - +0 robe
rPois   .          Reflect  .   k - +0 helmet
rElec   .          Harm     .   c - +0 cloak
rCorr   .          Rampage  .   (no gloves)
Will    .....                   (no boots)
Stlth   ++++......              (no amulet)
HPRegen 0.08/turn               (no ring)
MPRegen 0.09/turn               (no ring)

@: no status effects
A: small, no large weapons, nightstalker 3
a: Renounce Religion


You were on level 3 of the Dungeon.
You worshipped Hepliaklqana.
Hepliaklqana was noncommittal.
You visited 1 branch of the dungeon, and saw 3 of its levels.

You collected 125 gold pieces.

Inventory:

Hand Weapons
 a - a +2 dagger (weapon)
Missiles
 d - 11 poisoned darts (quivered)
 e - 5 curare-tipped darts
Armour
 b - a +0 robe (worn)
 c - a +0 cloak (worn)
 k - a +0 helmet (worn)
Wands
 n - a wand of digging (3) {@v3}
Scrolls
 g - a scroll of teleportation {@r3}
 m - a scroll of immolation {unknown}
 o - a scroll of noise {unknown}
Potions
 f - a potion of might {@q3}
 h - a potion of heal wounds {unknown}
 i - a potion of ambrosia
 j - a potion of attraction
 l - a potion of curing {unknown}


   Skills:
 - Level 2.1 Fighting
 - Level 6.0 Short Blades
 - Level 2.1 Throwing
 - Level 1.2 Dodging
 + Level 5.3 Stealth


You had 3 spell levels left.
You didn't know any spells.
Your spell library contained the following spells:

 Spells                   Type           Power      Damage    Failure   Level
 Animate Skeleton         Necr           0%         N/A       28%         1
 Apportation              Tloc           0%         N/A       28%         1
 Slow                     Hex            0%         N/A       28%         1
 Summon Small Mammal      Summ           0%         N/A       28%         1
 Confusing Touch          Hex            0%         N/A       65%         3
 Vampiric Draining        Necr           0%         2d6       65%         3


Dungeon Overview and Level Annotations

Branches:
Dungeon (3/15)

Altars:
Hepliaklqana


Innate Abilities, Weirdness & Mutations

You are small and have problems with some larger weapons.
You are completely attuned to the shadows.


Message History

You are too injured to fight recklessly!
There are monsters nearby!
You are too injured to fight recklessly!
There are monsters nearby!
You are too injured to fight recklessly!
There are monsters nearby!
You are too injured to fight recklessly!
There are monsters nearby!
You are too injured to fight recklessly!
There are monsters nearby!
You are too injured to fight recklessly!
There are monsters nearby!
You are too injured to fight recklessly!
There are monsters nearby!
You are too injured to fight recklessly!
There are monsters nearby!
You are too injured to fight recklessly!
There are monsters nearby!
You are too injured to fight recklessly!
There are monsters nearby!
You are too injured to fight recklessly!
There are monsters nearby!
You are too injured to fight recklessly!
There are monsters nearby!
You are too injured to fight recklessly!
There are monsters nearby!
You are too injured to fight recklessly!
There are monsters nearby!
You are too injured to fight recklessly!
There are monsters nearby!
You are too injured to fight recklessly!
There are monsters nearby!
You are too injured to fight recklessly!
There are monsters nearby!
You hit the orc priest.
You kill the orc priest!
An adder comes into view.
The orc misses you.
The orc wizard hits you with a +0 dagger.
You die...

#..>.†.......#
#.... ##......†...#
##....
####..##.#####.....
##.###...........
#..# #....[.#....
##.## ##....#.....
..(..# #..#
#....#.#### .....#
. #.## #.......#
.....# .. #@#
......## .....#)..
#.ooo... ....<....
###...## ........#
....# #####....
S.... ...# ...#


You could see an orc wizard, an adder and 2 orcs.

Vanquished Creatures
  An orc priest (D:3)
  3 adders (D:2)
  A worm (D:2)
  3 dart slugs
  6 bats
  6 endoplasms
  4 hobgoblins
  A quokka (D:1)
  6 ball pythons
  3 frilled lizards
  5 goblins
  5 kobolds
  3 rats
47 creatures vanquished.

Notes
Turn   | Place    | Note
-------+----------+-------------------------------------------
     0 | D:1      | Colgate the Kobold Brigand began the quest for the Orb.
     0 | D:1      | Reached XP level 1. HP: 12/12 MP: 1/1
   111 | D:1      | Reached skill level 3 in Short Blades
   170 | D:1      | Reached XP level 2. HP: 17/17 MP: 2/2
   328 | D:1      | Reached skill level 4 in Short Blades
   686 | D:1      | You fall into a shaft and drop 1 floor!
   693 | D:2      | Reached XP level 3. HP: 10/21 MP: 3/3
  1110 | D:1      | Reached skill level 5 in Short Blades
  1372 | D:2      | Reached XP level 4. HP: 26/26 MP: 4/4
  1461 | D:2      | Found a hazy altar of Hepliaklqana.
  1526 | D:2      | Became a worshipper of Hepliaklqana the Forgotten
  2017 | D:3      | Reached skill level 6 in Short Blades
  2123 | D:3      | Slain by an orc wizard

Illustrated notes

Levels and vault maps discovered:
D:1:      dpeg_arrival_long_road, layout_basic, nrook_campfire
D:2:      layout_rooms, basic_altar
D:3:      layout_rooms, vehumet_statue, nicolae_yredelemnul_ghost_church,
          corexii_leaking_fountain

Skill      XL: |  1  2  3  4 |
---------------+-------------+-----
Short Blades   | 3 4 5 6 |  6.0
Fighting       | |  2.1
Throwing       | |  2.1
Dodging        | |  1.2
Stealth        | |  5.3

Action                   |  1- 3 |  4- 6 || total
-------------------------+-------+-------++-------
Melee: Dagger            |    84 |    47 ||   131
  Use: Scroll            |       |     4 ||     4
 Stab: Sleeping          |    15 |     5 ||    20
Armor: Robe              |    12 |     8 ||    20
Dodge: Dodged            |    57 |    29 ||    86

Table legend: (Time is in decaauts)
 A = Elapsed time spent in this place.
 B = Non-inter-level travel time spent in this place.
 C = Inter-level travel time spent in this place.
 D = Time resting spent in this place.
 E = Time spent auto-exploring this place.
 F = Levels seen in this place.
 G = Mean time per level.
                   A        B        C        D        E       F      G
               +--------+--------+--------+--------+--------+-----+--------+
         Total |   2092 |   1974 |    118 |    102 |   1576 |   3 |  697.3 |
       Dungeon |   2092 |   1974 |    118 |    102 |   1576 |   3 |  697.3 |
               +--------+--------+--------+--------+--------+-----+--------+

Top non-repeatable levels by time:
     D:2: 1075 daAuts
     D:1: 892 daAuts
     D:3: 124 daAuts
